 Seeded DCSS version 0.27.1-4-g1640c2035a (webtiles) character file.

Game seed: 20211108 (custom seed)

16 jessy the Cudgeller (level 2, -2/19 HPs)
             Began as a Tengu Berserker on Nov 8, 2021.
             Was a Follower of Trog.
             Frozen to death by an endoplasm (5 damage)
             ... on level 1 of the Dungeon on Nov 10, 2021.
             The game lasted 00:05:48 (873 turns).

jessy the Cudgeller (Tengu Berserker)                Turns: 873, Time: 00:05:48

Health: -2/19      AC:  5    Str: 17    XL:     2   Next: 58%
Magic:  3/3        EV: 11    Int:  7    God:    Trog [*.....]
Gold:   22         SH:  0    Dex: 13    Spells: 1/1 levels left

rFire    . . .     SeeInvis .   e - +0 quarterstaff
rCold    . . .     Faith    .   (shield currently unavailable)
rNeg     . . .     Spirit   .   j - +0 ring mail
rPois    .         Reflect  .   (helmet restricted)
rElec    .         Harm     .   (no cloak)
rCorr    .         Rampage  .   (no gloves)
Will     .....                  (boots unavailable)
Stlth    +.........             (no amulet)
HPRegen  0.06/turn              (no ring)
MPRegen  0.08/turn              (no ring)

@: no status effects
A: beak, talons 3
a: Renounce Religion, Berserk


You were on level 1 of the Dungeon.
You worshipped Trog.
Trog was aware of your devotion.
You visited 1 branch of the dungeon, and saw 1 of its levels.

You collected 22 gold pieces.

Inventory:

Hand Weapons
 a - a +0 mace
 e - a +0 quarterstaff (weapon)
 f - a +0 dagger
 i - a +0 club
Missiles
 c - 34 stones (quivered)
Armour
 b - a +0 animal skin
 h - a +0 robe
 j - a +0 ring mail (worn)
Scrolls
 d - a scroll of torment {unknown}
Potions
 g - a potion of heal wounds {unknown}


   Skills:
 + Level 3.2 Fighting
 + Level 3.5 Maces & Flails
 + Level 0.4(2.2) Staves
 + Level 2.3 Armour
 + Level 2.6 Dodging


You had one spell level left.
You didn't know any spells.
Your spell library contained the following spells:

 Spells                   Type           Power      Damage    Failure   Level
 Blink                    Tloc           N/A        N/A       77%         2
 Lesser Beckoning         Tloc           0%         N/A       94%         3
 Manifold Assault         Tloc           0%         N/A       100%        5


Dungeon Overview and Level Annotations

Branches:
Dungeon (1/15)

Altars:


Innate Abilities, Weirdness & Mutations

You have a beak for a mouth.
You have claws for feet.


Message History

Moving in this stuff is going to be slow.
There is a stone staircase leading down here.
There is a stone staircase leading down here.
A rat comes into view.
You enter the shallow water.
Moving in this stuff is going to be slow.
You enter the shallow water.
Moving in this stuff is going to be slow.
Found 6 gold pieces.
Found a stone staircase leading down.
You now have 22 gold pieces (gained 6).
There is a stone staircase leading down here.
A frilled lizard comes into view.
The frilled lizard hisses angrily.
The frilled lizard barely misses you.
An endoplasm comes into view.
Found 20 sling bullets.
Found a stone staircase leading down.
The endoplasm quivers.
A rat comes into view.
The endoplasm barely misses you.
You miss the frilled lizard. The endoplasm barely misses you.
The frilled lizard bites you but does no damage.
You miss the frilled lizard. Your kick misses the frilled lizard.
Your peck misses the frilled lizard. The endoplasm hits you.
The frilled lizard bites you but does no damage.
The endoplasm hits you.
You hit the frilled lizard.
You kill the frilled lizard!
Trog accepts your kill. The endoplasm freezes you.
You are frozen.
The endoplasm freezes you.
You are frozen.
You see here a frilled lizard corpse.
The endoplasm freezes you.
You are frozen.
* * * LOW HITPOINT WARNING * * *
You hit the endoplasm but do no damage. The endoplasm freezes you.
You are frozen.
You die...

#.# #.#.#.##
#.#
#######.#.....
#.#
..............
#.#
.#####.†......
#.# #
#..###.## #.#
.# #..# #.##
#.# #(##
#..###.##
#.###>..#
#........
#.#@Jr..#
#.#######
#.#†#...# #.
#.... #.#.#
### #. #.###
#.#.########.
#.# #
##.#..........
#.# #
#..#..########
#.### #.##..#
#.... #.##..#
##### #.##..#
#


You could see an endoplasm and a rat.

Vanquished Creatures
  A dart slug (D:1)
  An endoplasm (D:1)
  3 goblins (D:1)
  2 hobgoblins (D:1)
  A ball python (D:1)
  2 bats (D:1)
  2 frilled lizards (D:1)
  2 kobolds (D:1)
  A rat (D:1)
15 creatures vanquished.

Notes
Turn   | Place    | Note
-------+----------+-------------------------------------------
     0 | D:1      | jessy the Tengu Berserker began the quest for the Orb.
     0 | D:1      | Reached XP level 1. HP: 14/14 MP: 2/2
   203 | D:1      | Reached XP level 2. HP: 11/19 MP: 3/3
   873 | D:1      | Frozen to death by an endoplasm

Illustrated notes

Levels and vault maps discovered:
D:1:      heliophobic_arrival_battle_scene, layout_loops_ring, hex_tiny,
          serial_bayou_crossing

Action                   || total
-------------------------++-------
Melee: Mace              ||    13
       Peck              ||     8
       Kick              ||     4
       Quarterstaff      ||    12
Armor: Animal skin       ||     5
       Ring mail         ||     2
       Robe              ||     1
Dodge: Dodged            ||    19
